 Seeded DCSS version 0.30-a0-149-g7f746667c4 (webtiles) character file.

Game seed: 17782419728330709489 (custom seed)

82308 purpskrrrp the Brawler (level 15, -16/152 HPs)
             Began as a Troll Fighter on Sept 26, 2022.
             Was the Champion of Cheibriados.
             Demolished by a death yak (24 damage)
             ... on level 5 of the Lair of Beasts on Sept 27, 2022.
             The game lasted 01:00:43 (18255 turns).

purpskrrrp the Brawler (Troll Fighter)             Turns: 18255, Time: 01:00:43

Health: -16/152    AC: 11    Str: 59    XL:     15   Next: 29%
Magic:  0/21       EV: 12    Int: 17    God:    Cheibriados [******]
Gold:   373        SH: 23    Dex: 24    Spells: 14/14 levels left

rFire   + + +      SeeInvis .      - Unarmed
rCold   + . .      Faith    .    O - +3 tower shield {rC+}
rNeg    . . .      Spirit   +    g - +0 fire dragon scales
rPois   +          Reflect  .    l - +2 hat of the Bear Spirit {Spirit, *Rage Will++}
rElec   +          Harm     .    o - +0 cloak of Virtue {rElec rPois Str+4}
rCorr   .          Rampage  .    (gloves unavailable)
Will    +++..      Rage     20%  (boots unavailable)
Stlth   ..........               A - amulet of Twilight {RegenMP Int-2 Slay+5}
HPRegen 1.15/turn                p - ring of the Villain {*Corrode rPois rF++ EV+4}
MPRegen 0.57/turn                Z - ring "Xuwk" {Ice *Corrode rPois Str+6}

@: corroded, on berserk cooldown, slowed, very slow
A: large, unfitting armour, claws 3, regeneration 1, shaggy fur 1, tough skin 1
a: Renounce Religion, Bend Time, Temporal Distortion, Slouch, Step From Time


You were on level 5 of the Lair of Beasts.
You worshipped Cheibriados.
Cheibriados was exalted by your worship.
You visited 2 branches of the dungeon, and saw 20 of its levels.
You also visited: Ossuary and Ice Cave.

You collected 1670 gold pieces.
You spent 1297 gold pieces at shops.

Inventory:

Hand Weapons
 C - a +1 giant spiked club of electrocution
 F - a +5 trident of venom
Missiles
 t - 6 throwing nets
Armour
 g - +0 fire dragon scales (worn)
 l - the +2 hat of the Bear Spirit (worn) {Spirit, *Rage Will++}
   (You bought it in a shop on level 13 of the Dungeon)

   Going berserk makes the wearer tougher, and they're slowed less afterward.
   *Rage:     It berserks you when you make melee attacks (+20% chance).
   Will:      It greatly increases your willpower.
 o - the +0 cloak of Virtue (worn) {rElec rPois Str+4}
   (You acquired it on level 3 of the Dungeon)

   Str:       It affects your strength (+4).
   rElec:     It insulates you from electricity.
   rPois:     It protects you from poison.
 z - +0 steam dragon scales
 O - a +3 tower shield of cold resistance (worn)
 S - a scarf of resistance
Jewellery
 a - the ring of Nurhoroe {Will+ Stlth+}
   (You took it off a meliai on level 14 of the Dungeon)

   [ring of willpower]

   Will:      It increases your willpower.
   Stlth:     It makes you more stealthy.
 b - the ring of Oxzoit {rN+ Int+5}
   (You found it on level 14 of the Dungeon)

   [ring of positive energy]

   Int:       It affects your intelligence (+5).
   rN:        It protects you from negative energy.
 e - an amulet of faith
 h - a +4 ring of evasion
 p - the ring of the Villain (left claw) {*Corrode rPois rF++ EV+4}
   (You found it on level 3 of the Dungeon)

   [ring of evasion]

   EV:        It affects your evasion (+4).
   rF:        It greatly protects you from fire.
   rPois:     It protects you from poison.
   *Corrode:  It may corrode you when you take damage.
 w - a ring of poison resistance
 x - a ring of protection from cold
 A - the amulet of Twilight (around neck) {RegenMP Int-2 Slay+5}
   (You acquired it in an ossuary)

   [amulet of magic regeneration]

   It increases your rate of magic regeneration.
   Int:       It affects your intelligence (-2).
   Slay:      It affects your accuracy & damage with ranged weapons and melee
   (+5).
 B - a ring of ice
 D - a +6 ring of strength
 M - a +6 ring of dexterity
 Q - the ring "Moxenei" {Drain rElec rF+ rCorr Int+2}
   (You found it in an ice cave)

   [ring of resist corrosion]

   Int:       It affects your intelligence (+2).
   rF:        It protects you from fire.
   rElec:     It insulates you from electricity.
   rCorr:     It protects you from acid and corrosion.
   Drain:     It drains your maximum health when unequipped.
 Y - the ring of Huilaagh {Dex+4 SInv}
   (You took it off an efreet on level 14 of the Dungeon)

   [ring of see invisible]

   Dex:       It affects your dexterity (+4).
   SInv:      It lets you see invisible.
 Z - the ring "Xuwk" (right claw) {Ice *Corrode rPois Str+6}
   (You took it off an orc knight on level 14 of the Dungeon)

   [ring of ice]

   It enhances your ice magic.
   Str:       It affects your strength (+6).
   rF:        It makes you vulnerable to fire.
   rC:        It protects you from cold.
   rPois:     It protects you from poison.
   *Corrode:  It may corrode you when you take damage.
Wands
 v - a wand of quicksilver (23)
 y - a wand of polymorph (8)
 G - a wand of flame (9)
 T - a wand of charming (17)
 X - a wand of iceblast (4)
Scrolls
 k - 6 scrolls of teleportation
 m - a scroll of blinking
 E - 9 scrolls of identify
 I - 3 scrolls of fog
 J - 3 scrolls of amnesia
 U - 2 scrolls of silence
Potions
 c - a potion of might
 d - 7 potions of curing
 f - 2 potions of ambrosia
 i - 4 potions of flight
 j - a potion of berserk rage
 n - 3 potions of mutation
 r - 7 potions of haste
 s - a potion of cancellation {unknown}
 u - a potion of invisibility
 H - a potion of heal wounds
Miscellaneous
 q - a box of beasts
 R - a condenser vane


   Skills:
 + Level 10.9 Fighting
 + Level 5.8 Armour
 - Level 2.4 Dodging
 * Level 12.0 Shields
 * Level 17.4 Unarmed Combat
 + Level 9.8 Invocations


You had 14 spell levels left.
You didn't know any spells.
Your spell library contained the following spells:

 Spells                   Type           Power      Damage    Failure   Level
 Foxfire                  Conj/Fire      0%         2x1d4     77%         1
 Freeze                   Ice            0%         1d3       77%         1
 Magic Dart               Conj           0%         1d3       77%         1
 Shock                    Conj/Air       0%         1d3       77%         1
 Summon Small Mammal      Summ           0%         N/A       77%         1
 Blink                    Tloc           0%         N/A       88%         2
 Cigotuvi's Dreadful Rot  Necr/Pois/Air  0%         N/A       88%         2
 Poisonous Vapours        Pois/Air       0%         N/A       88%         2
 Searing Ray              Conj           0%         2d4       88%         2
 Sublimation of Blood     Necr           0%         N/A       88%         2
 Wereblood                Tmut           0%         N/A       88%         2
 Call Canine Familiar     Summ           0%         N/A       98%         3
 Frozen Ramparts          Ice            0%         1d1       98%         3
 Ignite Poison            Fire/Tmut/Pois 0%         N/A       98%         3
 Inner Flame              Hex/Fire       0%         N/A       98%         3
 Kindle Blastsparks       Fire/Tloc/Air  0%         2d10      98%         3
 Lesser Beckoning         Tloc           0%         N/A       98%         3
 Stone Arrow              Conj/Erth      0%         3d7       98%         3
 Summon Guardian Golem    Hex/Summ       0%         N/A       98%         3
 Swiftness                Air            0%         N/A       98%         3
 Airstrike                Air            0%         2d(0-16)  100%        4
 Animate Armour           Summ/Erth      0%         N/A       100%        4
 Flame Wave               Conj/Fire      0%         2d4       100%        4
 Fulminant Prism          Conj/Hex       0%         3d6       100%        4
 Hailstorm                Conj/Ice       0%         3d3       100%        4
 Manifold Assault         Tloc           0%         N/A       100%        4
 Sticky Flame             Conj/Fire      0%         2d3       100%        4
 Summon Lightning Spire   Summ/Air       0%         N/A       100%        4
 Storm Form               Tmut/Air       0%         N/A       100%        7
 Summon Hydra             Summ           0%         N/A       100%        7
 Lehudib's Crystal Spear  Conj/Erth      0%         10d2      100%        8
 Maxwell's Capacitive Co  Air            0%         ∞         100%        8
 Chain Lightning          Conj/Air       0%         N/A       100%        9
 Fire Storm               Conj/Fire      0%         5d1       100%        9
 Shatter                  Erth           0%         3d5*      100%        9


Dungeon Overview and Level Annotations

Branches:
Dungeon (15/15)            Temple (0/1) D:5            Lair (5/5) D:8
  Swamp (0/4) Lair:2        Snake (0/4) Lair:3        Slime (0/5) Lair:4
    Orc (0/2) D:10         Vaults (0/5) D:14         Depths (0/4) D:15
Ossuary (visited)           IceCv (visited)

Altars:
Ashenzari
Cheibriados
Dithmenos
Fedhas
Gozag
Hepliaklqana
Kikubaaqudgha
Makhleb
Nemelex Xobeh
Qazlal
Sif Muna
Trog
Uskayaw
Vehumet
Yredelemnul

Shops:
D:9 ((   D:13 *


Innate Abilities, Weirdness & Mutations

You are too large for most types of armour.
You have claws for hands.
Your natural rate of healing is unusually fast.
You are covered in fur. (AC +1)
You have tough skin. (AC +1)


Message History

You are too injured to fight recklessly!
You are too injured to fight recklessly!
You are too injured to fight recklessly!
You are too injured to fight recklessly!
You are too injured to fight recklessly!
You are too injured to fight recklessly!
You are too injured to fight recklessly!
You are too injured to fight recklessly!
You are too injured to fight recklessly!
You are too injured to fight recklessly!
You are too injured to fight recklessly!
You are too injured to fight recklessly!
Unknown command.
You closely miss the blink frog. You block the blink frog's attack.
You block the death yak's attack. The death yak misses you.
You block the death yak's attack. The water moccasin barely misses you.
The death yak attacks as you move away! You block the death yak's attack.
The death yak attacks as you move away! The death yak gores you!!
You block the water moccasin's attack. x2; The death yak gores you!!
* * * LOW HITPOINT WARNING * * *
The death yak gores you.
* * * LOW HITPOINT WARNING * * *
The blink frog blinks! x2
Activating: Slouch (1% risk of failure)
Press: ? - help, Dir - look around, f - activate You can feel time thicken for a moment.
You kill the water moccasin!
Cheibriados appreciates the change of pace.
You kill the blink frog!
Cheibriados thoroughly appreciates the change of pace.
You kill the blink frog!
Cheibriados thoroughly appreciates the change of pace.
You kill the blink frog!
Cheibriados thoroughly appreciates the change of pace.
You block the death yak's attack. x2; The death yak gores you!
* * * LOW HITPOINT WARNING * * *
You block the death yak's attack. The death yak gores you!!
* * * LOW HITPOINT WARNING * * *
The death yak gores you!!
You die...

......
.....#
##....#
#.....#
##.....#
#...††.#
#P.....##
#..†YYY.#
..##...Y@..#
..#.....†.##
#..........#
..........##
..........#
..........#
.........##
........#
.#.#....#


You could see 4 death yaks.

Vanquished Creatures
  Frances (D:14)
  A frost giant (IceCv)
  2 fire dragons (D:15)
  Josephine (D:12)
  Harold (D:11)
  3 vault guards (D:14)
  4 hydras
  3 catoblepae
  An ogre mage (D:14)
  4 centaur warriors
  6 boulder beetles
  5 two-headed ogres
  11 death yaks
  6 tengu warriors
  Sonja (D:12)
  3 skeletal warriors (D:12)
  A bog body (Lair:2)
  Pikel (D:9)
  An oklob plant (Lair:4)
  4 deep elf pyromancers
  An orc knight (D:14)
  8 cyclopes
  A wolf spider (D:14)
  A manticore (shapeshifter) (D:14)
  7 ugly things
  A salamander (Lair:2)
  A manticore (D:15)
  An ice statue (IceCv)
  Maurice (D:12)
  6 black mambas
  2 gargoyles
  A torpor snail (Lair:4)
  8 cane toads
  A kobold demonologist (D:13)
  2 unseen horrors (D:10)
  3 rime drakes
  3 komodo dragons
  4 efreet
  2 freezing wraiths
  3 tengu conjurers (D:14)
  A queen bee (shapeshifter) (D:15)
  3 trolls
  10 polar bears
  7 meliai
  Prince Ribbit (D:8)
  A hornet (D:11)
  11 blink frogs
  Grinder (D:5)
  3 dream sheep (Lair:4)
  8 slime creatures
  A blink frog (shapeshifter) (D:14)
  A culicivora (shapeshifter) (D:13)
  A centaur simulacrum (D:14)
  3 wyverns
  4 fire bats (Lair:2)
  6 wraiths
  43 yaks
  4 vampire mosquitoes
  A steam dragon (D:9)
  Edmund (D:5)
  2 basilisks (Lair:4)
  Duvessa (D:5)
  9 water moccasins
  10 orc warriors
  A sky beast (D:7)
  2 ogres
  38 wolves
  12 centaurs
  A lemure (D:9)
  A phantom (D:4)
  4 kobold brigands
  5 gnoll sergeants
  8 bullfrogs
  6 necrophages
  10 scorpions
  13 wights
  Dowan (D:5)
  A killer bee (D:8)
  3 electric eels (Lair:2)
  2 howler monkeys (D:9)
  2 centaur zombies
  3 human zombies (Ossuary)
  2 hounds (D:6)
  2 lava snakes (Lair:2)
  Crazy Yiuf (D:3)
  A jelly (D:4)
  A gnoll bouda (D:8)
  10 orc priests
  Jessica (D:3)
  4 iguanas
  10 orc wizards
  3 mummies (Ossuary)
  33 gnolls
  8 adders
  A shadow imp (D:7)
  2 white imps
  An ufetubus (D:4)
  A worm (D:4)
  A dart slug (D:4)
  40 orcs
  5 bats
  10 endoplasms
  2 giant cockroaches (D:1)
  A gnoll zombie (Ossuary)
  12 hobgoblins
  4 jackals (D:2)
  15 kobolds
  4 quokkas
  8 ball pythons
  3 frilled lizards
  11 goblins
  2 goblin zombies (Ossuary)
  7 hobgoblin zombies (Ossuary)
  2 kobold zombies (Ossuary)
  5 orc zombies (Ossuary)
  4 rats (D:1)
  A bush (D:7)
581 creatures vanquished.

Vanquished Creatures (collateral kills)
  4 killer bees (D:8)
4 creatures vanquished.

Vanquished Creatures (others)
  A howler monkey (D:14)
  A bush (D:7)
  7 fungi
  29 plants
  3 withered plants (D:9)
41 creatures vanquished.

Grand Total: 626 creatures vanquished

Notes
Turn   | Place    | Note
-------+----------+-------------------------------------------
     0 | D:1      | purpskrrrp the Troll Fighter began the quest for the Orb.
     0 | D:1      | Reached XP level 1. HP: 22/22 MP: 0/0
    92 | D:1      | You fall into a shaft and drop 1 floor!
   139 | D:2      | Reached XP level 2. HP: 29/29 MP: 1/1
   276 | D:1      | Reached XP level 3. HP: 36/36 MP: 2/2
   371 | D:1      | Reached skill level 3 in Unarmed Combat
  1113 | D:3      | Reached XP level 4. HP: 30/44 MP: 3/3
  1280 | D:3      | Found a runed translucent door.
  1281 | D:3      | Noticed Crazy Yiuf
  1519 | D:3      | Identified the ring of the Villain {*Corrode rPois rF++
                  | EV+4}
  1591 | D:3      | Found a radiant altar of Vehumet.
  1604 | D:3      | Noticed Jessica
  1620 | D:3      | Killed Jessica
  1621 | D:3      | Reached skill level 4 in Unarmed Combat
  1621 | D:3      | Reached XP level 5. HP: 50/53 MP: 4/4
  1645 | D:3      | Found a faded altar of an unknown god.
  1791 | D:3      | Identified a scroll of acquirement
  1791 | D:3      | Acquired the +0 cloak of Virtue {rElec rPois Str+4}
  1801 | D:3      | Killed Crazy Yiuf
  1840 | D:4      | Noticed a phantom
  1845 | D:4      | Killed a phantom
  1870 | D:4      | Reached XP level 6. HP: 60/61 MP: 5/5
  1906 | D:4      | Identified the +5 short sword of Aseefe Gusun {drain, rPois
                  | rCorr Dex+8}
  2061 | D:4      | Reached skill level 5 in Unarmed Combat
  2075 | D:4      | Found a sparkling altar of Nemelex Xobeh.
  2141 | D:4      | Found a snail-covered altar of Cheibriados.
  2226 | D:4      | Found a bloodstained altar of Trog.
  2242 | D:4      | Reached XP level 7. HP: 43/68 MP: 6/6
  2272 | D:4      | Found an opulent altar of Gozag.
  2528 | D:4      | Became a worshipper of Cheibriados the Contemplative
  2547 | D:5      | Entered Level 5 of the Dungeon
  2577 | D:5      | Found a staircase to the Ecumenical Temple.
  2639 | D:5      | Reached skill level 6 in Unarmed Combat
  2947 | D:5      | Found a shadowy altar of Dithmenos.
  3030 | D:5      | Reached skill level 5 in Shields
  3032 | D:5      | Reached * piety under Cheibriados
  3382 | D:5      | Reached XP level 8. HP: 79/79 MP: 7/7
  3400 | D:5      | Noticed Edmund
  3423 | D:5      | Killed Edmund
  3424 | D:5      | Reached skill level 7 in Unarmed Combat
  3434 | D:5      | Noticed Grinder
  3437 | D:5      | Paralysed by Grinder for 5 turns
  3444 | D:5      | Killed Grinder
  3464 | D:5      | Noticed Dowan
  3465 | D:5      | Noticed Duvessa
  3471 | D:5      | Killed Dowan
  3478 | D:5      | Killed Duvessa
  3479 | D:5      | Reached skill level 5 in Fighting
  3817 | D:6      | Reached skill level 8 in Unarmed Combat
  4003 | D:6      | Reached XP level 9. HP: 68/88 MP: 8/8
  4104 | D:6      | Noticed a cyclops
  4111 | D:6      | Killed a cyclops
  4112 | D:6      | Reached skill level 9 in Unarmed Combat
  4288 | D:6      | Reached ** piety under Cheibriados
  4404 | D:7      | Reached skill level 1 in Invocations
  4635 | D:7      | Reached skill level 10 in Unarmed Combat
  4829 | D:7      | Found a flagged portal.
  4980 | D:7      | Found a blossoming altar of Fedhas.
  5210 | D:7      | Found a stormy altar of Qazlal.
  5419 | D:7      | Reached *** piety under Cheibriados
  5575 | D:8      | Found a sand-covered staircase.
  5578 | D:8      | Found a staircase to the Lair.
  5585 | Ossuary  | Entered an ossuary
  5625 | Ossuary  | Reached XP level 10. HP: 100/100 MP: 10/10
  5787 | Ossuary  | Reached **** piety under Cheibriados
  5812 | Ossuary  | Acquired the amulet of Twilight {RegenMP Int-2 Slay+5}
  5901 | D:8      | Noticed Prince Ribbit
  5916 | D:8      | Killed Prince Ribbit
  5939 | D:8      | Noticed a two-headed ogre
  5946 | D:8      | Killed a two-headed ogre
  6117 | D:8      | Reached skill level 11 in Unarmed Combat
  6609 | D:9      | Found Dixtaocw's Weapon Shoppe.
  6656 | D:9      | Noticed Pikel
  6662 | D:9      | Killed Pikel
  6698 | D:9      | Found a basalt altar of Yredelemnul.
  6706 | D:9      | Reached ***** piety under Cheibriados
  6758 | D:9      | Noticed a catoblepas
  6773 | D:9      | Killed a catoblepas
  6774 | D:9      | Reached XP level 11. HP: 28/109 MP: 13/13
  7014 | D:9      | Found Vueffi's Hydra Hut.
  7018 | D:9      | Noticed a four-headed hydra
  7042 | D:9      | Found a broken altar of Ashenzari.
  7046 | D:9      | Found a hide-covered altar of Uskayaw.
  7183 | D:9      | Found a burning altar of Makhleb.
  7184 | D:9      | Found a hazy altar of Hepliaklqana.
  7367 | D:10     | Entered Level 10 of the Dungeon
  7469 | D:10     | Found a staircase to the Orcish Mines.
  7488 | D:10     | Reached skill level 12 in Unarmed Combat
  7794 | D:10     | Noticed a two-headed ogre
  7801 | D:10     | Killed a two-headed ogre
  7950 | D:10     | Reached skill level 5 in Invocations
  8154 | D:10     | Found an ancient bone altar of Kikubaaqudgha.
  8363 | D:11     | Noticed a two-headed ogre
  8364 | D:11     | Noticed Harold
  8366 | D:11     | Noticed a two-headed ogre
  8490 | D:11     | Killed a two-headed ogre
  8523 | D:11     | Killed Harold
  8549 | D:11     | Killed a two-headed ogre
  8802 | D:11     | Reached skill level 13 in Unarmed Combat
  9050 | D:12     | Noticed Sonja
  9051 | D:12     | Found a frozen archway.
  9061 | D:12     | Killed Sonja
  9089 | D:12     | Noticed Josephine
  9091 | IceCv    | Entered an ice cave
  9275 | IceCv    | Reached XP level 12. HP: 40/120 MP: 15/15
  9464 | IceCv    | Reached ****** piety under Cheibriados
  9653 | IceCv    | Noticed a death yak
  9653 | IceCv    | Noticed a death yak
  9661 | IceCv    | Killed a death yak
  9670 | IceCv    | Killed a death yak
  9671 | IceCv    | Reached skill level 14 in Unarmed Combat
  9761 | IceCv    | Noticed a death yak
  9761 | IceCv    | Noticed a frost giant
  9761 | IceCv    | Noticed a death yak
  9769 | IceCv    | Killed a death yak
  9772 | IceCv    | Killed a frost giant
  9775 | IceCv    | Killed a death yak
  9836 | IceCv    | Identified the ring "Moxenei" {Drain rElec rF+ rCorr Int+2}
 10257 | D:12     | Killed Josephine
 10326 | D:12     | Noticed Maurice
 10331 | D:12     | Killed Maurice
 10378 | D:12     | Reached skill level 10 in Shields
 10473 | D:12     | Reached XP level 13. HP: 106/131 MP: 17/17
 10485 | D:12     | Reached skill level 1 in Armour
 11160 | D:13     | Reached skill level 15 in Unarmed Combat
 11566 | D:13     | Found a shimmering blue altar of Sif Muna.
 11651 | D:13     | Found Daicos's Assorted Antiques.
 11838 | D:13     | Found a shimmering blue altar of Sif Muna.
 11940 | D:13     | Bought a scroll of enchant armour for 195 gold pieces
 12158 | D:14     | Noticed Frances
 12169 | D:14     | Killed Frances
 12651 | D:14     | Identified the ring of Nurhoroe {Will+ Stlth+}
 12658 | D:14     | Paralysed by something for 4 turns
 12664 | D:14     | Identified the ring "Xuwk" {Ice *Corrode rPois Str+6}
 12673 | D:14     | Identified the ring of Huilaagh {Dex+4 SInv}
 12933 | D:14     | Identified the ring of Oxzoit {rN+ Int+5}
 13084 | D:14     | Found a gate to the Vaults.
 13099 | D:14     | Reached XP level 14. HP: 103/141 MP: 19/19
 13101 | D:14     | Reached skill level 10 in Fighting
 13107 | D:14     | Reached skill level 16 in Unarmed Combat
 13580 | D:15     | Entered Level 15 of the Dungeon
 13978 | D:15     | Identified the +5 short sword "Killer Bee's Doom" {freeze,
                  | Str+3}
 14442 | D:15     | Found a staircase to the Depths.
 14834 | D:13     | Bought the +2 hat of the Bear Spirit {Spirit, *Rage Will++}
                  | for 907 gold pieces
 14834 | D:13     | Found the +2 hat of the Bear Spirit {Spirit, *Rage Will++}
 14834 | D:13     | Bought a scroll of blinking for 195 gold pieces
 15098 | Lair:1   | Entered Level 1 of the Lair of Beasts
 15155 | Lair:1   | Reached skill level 5 in Armour
 15759 | Lair:2   | Found a staircase to the Swamp.
 16077 | Lair:2   | Reached skill level 17 in Unarmed Combat
 16637 | Lair:3   | Found a staircase to the Snake Pit.
 16855 | Lair:3   | Reached XP level 15. HP: 148/152 MP: 21/21
 17768 | Lair:4   | Found a staircase to the Slime Pits.
 18217 | Lair:5   | Entered Level 5 of the Lair of Beasts
 18255 | Lair:5   | Demolished by a death yak

Illustrated notes

Levels and vault maps discovered:
D:1:      lightli_arrival_chessboard, layout_rooms
D:2:      layout_basic
D:3:      layout_basic, nicolae_vehumet_altar_sigil,
          hellmonk_ecumenical_altar_prayer_group, kennysheep_boxes,
          uniq_crazy_yiuf_cottage, uniq_jessica
D:4:      layout_rooms, nemelex_xobeh_ov_fountains_minmay,
          nicolae_overflow_crystal_walls, minitemple
D:5:      layout_basic, mainiacjoe_overflow_cross_hatched,
          minmay_temple_entry_nine_rooms, uniq_duvessa, uniq_grinder,
          uniq_edmund
D:6:      layout_loops_ring, kb_rosetta
D:7:      layout_basic, fedhas_altar_decomposition, kennysheep_little_box,
          enter_bailey_5, minmay_misc_feat_chi, kennysheep_small_square
D:8:      layout_loops_ring, lair_entry_dummy, enter_ossuary_1,
          uniq_prince_ribbit1
D:9:      layout_small_grid, yredelemnul_altar_generic,
          nicolae_overflow_hidden_temple, serial_shops, nicolae_stop_n_shop_1,
          doesnt_shop_hydraphobe, uniq_pikel
D:10:     layout_basic, nicolae_kikubaaqudgha_miasma_corner,
          minmay_orc_entry_temple_small
D:11:     layout_cross, uniq_harold
D:12:     layout_small_grid, portal_ice_cave_entry_pillars_1, uniq_maurice,
          uniq_josephine, uniq_sonja
D:13:     layout_rooms, serial_curves, eino_curves_04, eino_curves_04,
          eino_curves_02, nicolae_inconvenience_store, hangedman_feature_mirror
D:14:     minmay_the_grid_triangle_9x9_rhombus_full
          [minmay_the_grid_triangle_9x9_zippers_horizontal,
          minmay_the_grid_triangle_9x9_dagger,
          minmay_the_grid_triangle_9x9_windchime,
          minmay_the_grid_triangle_9x9_steps,
          minmay_the_grid_triangle_9x9_cache,
          minmay_the_grid_triangle_9x9_limited_checkers,
          minmay_the_grid_triangle_9x9_from_above,
          minmay_the_grid_triangle_9x9_prize_special], layout_loops_ring,
          lightli_vaults_fourway_checkpoint, wad_floor_pattern_untrapped,
          kennysheep_nondescript, uniq_frances
D:15:     grunt_enter_depths_hoard, layout_small_grid, nicolae_twisting_strands
Lair:1:   layout_long_grid
Lair:2:   layout_gridlike, skrybe_swamp_entry_bodies,
          nicolae_lair_liquid_snakes, serial_bayou_shore_b, grunt_megastairs_1
Lair:3:   layout_cave_pods, dummy_snake_entry, beast_lair_carwin_11
Lair:4:   layout_long_grid, dpeg_slime_entry_enclosed, beast_lair_carwin_3,
          grunt_megastairs_5
Lair:5:   cheibrodos_lair_end_hotspot, layout_hall_layers,
          kilobyte_rumbling_trees

Skill      XL: |  1  2  3  4  5  6  7  8  9 10 11 12 13 14 15 |
---------------+----------------------------------------------+-----
Shields        | 3 4 5 6 7 8 9 10 11 12 | 12.0
Unarmed Combat | 3 4 5 6 8 10 11 13 14 15 17 | 17.4
Fighting       | 3 4 5 6 7 8 9 10 | 10.9
Invocations    | 2 4 6 7 8 9 |  9.8
Armour         | 3 5 |  5.8
Dodging        | |  2.4

Action                   |  1- 3 |  4- 6 |  7- 9 | 10-12 | 13-15 || total
-------------------------+-------+-------+-------+-------+-------++-------
Melee: Unarmed           |   129 |   137 |   274 |   465 |   518 ||  1523
Invok: Bend Time         |       |       |       |     4 |     2 ||     6
       Slouch            |       |       |       |     1 |     7 ||     8
       Step From Time    |       |       |       |       |     2 ||     2
Evoke: Wand              |       |       |       |     7 |     1 ||     8
  Use: Scroll            |     5 |     4 |    12 |    15 |    11 ||    47
       Potion            |       |     1 |     3 |     5 |     6 ||    15
 Stab: Petrified         |       |       |       |     2 |     1 ||     3
       Sleeping          |       |       |       |     1 |       ||     1
       Invisible         |       |       |       |       |     5 ||     5
Armor: Robe              |    63 |    35 |    50 |    46 |    12 ||   206
       Steam dragon scal |       |       |       |    32 |    41 ||    73
       Fire dragon scale |       |       |       |       |    68 ||    68
Dodge: Dodged            |    58 |    44 |   191 |   300 |   206 ||   799
Block: Kite shield       |    51 |    45 |   145 |   203 |       ||   444
       Tower shield      |       |       |       |   194 |   641 ||   835

Table legend: (Time is in decaauts)
 A = Elapsed time spent in this place.
 B = Non-inter-level travel time spent in this place.
 C = Inter-level travel time spent in this place.
 D = Time resting spent in this place.
 E = Time spent auto-exploring this place.
 F = Levels seen in this place.
 G = Mean time per level.
                   A        B        C        D        E       F      G
               +--------+--------+--------+--------+--------+-----+--------+
         Total |  27894 |  25453 |   2441 |   1717 |  18295 |  22 | 1267.9 |
       Dungeon |  19784 |  17551 |   2233 |   1412 |  12520 |  15 | 1318.9 |
          Lair |   5911 |   5704 |    207 |     77 |   4735 |   5 | 1182.2 |
       Ossuary |    397 |    397 |      0 |      0 |    172 |   1 |  397.0 |
      Ice Cave |   1801 |   1801 |      0 |    227 |    866 |   1 | 1801.0 |
               +--------+--------+--------+--------+--------+-----+--------+

Top non-repeatable levels by time:
    D:14: 2530 daAuts
    D:13: 2008 daAuts
    D:10: 1817 daAuts
   IceCv: 1801 daAuts
    D:15: 1768 daAuts
  Lair:3: 1670 daAuts
  Lair:4: 1571 daAuts
     D:7: 1539 daAuts
    D:12: 1497 daAuts
  Lair:2: 1394 daAuts
     D:8: 1333 daAuts
     D:5: 1309 daAuts
  Lair:1: 1208 daAuts
     D:9: 1195 daAuts
    D:11: 1066 daAuts
